 Dungeon Crawl Stone Soup version 0.19.5 (webtiles) character file.

8201 strmesko the Thaumaturge (level 11, -4/73 HPs)
             Began as a Mummy Wizard on Apr 4, 2017.
             Was an Initiate of Gozag.
             Shot with an arrow by a centaur warrior (8 damage)
             ... in a volcano.
             The game lasted 01:29:59 (13624 turns).

strmesko the Thaumaturge (Mummy Wizard)            Turns: 13624, Time: 01:30:00

Health: -4/73      AC:  6    Str: 10    XL:     11   Next: 6%
Magic:  23/26      EV: 12    Int: 20    God:    Gozag
Gold:   1049       SH:  6    Dex: 12    Spells: 5 memorised, 21 levels left

rFire  x . .     SeeInvis .     C - staff of poison
rCold  + . .     Gourm    .     a - +0 robe
rNeg   + + +     Faith    .     (no shield)
rPois  ∞         Spirit   .     b - +0 hat
rElec  .         Reflect  +     q - +0 cloak
rCorr  .         Harm     .     e - +2 pair of gloves
MR     +....                    (no boots)
Stlth  ++........               n - +6 amulet of reflection
                                o - ring of wizardry
                                F - +4 ring of slaying

@: repel missiles
A: no food or potions, fire vulnerability, cold resistance 1, negative energy
resistance 3, torment resistance, unbreathing
a: Potion Petition, Call Merchant, Bribe Branch, Renounce Religion


You were in a volcano.
You worshipped Gozag.
Gozag was most pleased with you.
You were not hungry.

You visited 3 branches of the dungeon, and saw 12 of its levels.
You also visited: Volcano.

You collected 1646 gold pieces.
You spent 546 gold pieces at shops.
You paid 51 gold pieces to Gozag.

Inventory:

Hand Weapons
 j - a +2 dagger of electrocution
 t - a +4 dagger of venom
 z - a +0 spear of freezing
 G - a +0 trident of venom
Armour
 a - a +0 robe (worn)
 b - a +0 hat (worn)
 e - a +2 pair of gloves (worn)
 q - a +0 cloak (worn)
Magical Staves
 C - an uncursed staff of poison (weapon)
Jewellery
 f - an uncursed amulet of regeneration
 k - a +2 ring of dexterity
 n - a +6 amulet of reflection (around neck)
 o - a ring of wizardry (right hand)
 F - a +4 ring of slaying (left hand)
Wands
 v - a wand of disintegration (18/24)
 y - a wand of acid (1/15)
 H - a wand of polymorph (10/24)
 I - a wand of disintegration (11/24)
Scrolls
 d - 2 scrolls of magic mapping {unknown}
 g - 9 scrolls of remove curse
 h - 4 scrolls of identify {unknown}
 i - 3 scrolls of random uselessness
 l - 3 scrolls of teleportation {unknown}
 m - 3 scrolls of recharging
 p - 2 scrolls of fear {unknown}
 r - a scroll of enchant armour {unknown}
 s - a scroll of immolation {unknown}
 A - a scroll of amnesia {unknown}
 D - a scroll of noise {unknown}
 E - 2 scrolls of blinking {unknown}
 J - a scroll of fog {unknown}
Books
 c - a book of Minor Magic

   Spells                             Type                      Level
   a - Magic Dart                     Conjuration                  1
   b - Blink                          Translocation                2
   c - Call Imp                       Summoning                    2
   d - Repel Missiles                 Charms/Air                   2
   e - Slow                           Hexes                        2
   f - Conjure Flame                  Conjuration/Fire             3
   g - Mephitic Cloud                 Conjuration/Poison/Air       3
 w - a book of Air

   Spells                             Type                      Level
   a - Shock                          Conjuration/Air              1
   b - Swiftness                      Charms/Air                   2
   c - Repel Missiles                 Charms/Air                   2
   d - Static Discharge               Conjuration/Air              3
   e - Lightning Bolt                 Conjuration/Air              5
 x - a Young Poisoner's Handbook

   Spells                             Type                      Level
   a - Sting                          Conjuration/Poison           1
   b - Mephitic Cloud                 Conjuration/Poison/Air       3
   c - Olgreb's Toxic Radiance        Poison                       4
   d - Alistair's Intoxication        Transmutation/Poison         5
   e - Venom Bolt                     Conjuration/Poison           5
 B - a book of Party Tricks

   Spells                             Type                      Level
   a - Summon Butterflies             Summoning                    1
   b - Apportation                    Translocation                1
   c - Lesser Beckoning               Translocation                3
   d - Tukima's Dance                 Hexes                        3
   e - Alistair's Intoxication        Transmutation/Poison         5
   f - Invisibility                   Hexes                        6
Miscellaneous
 u - a crystal ball of energy


   Skills:
 * Level 2.4 Fighting
 - Level 1.5 Dodging
 - Level 1.5 Stealth
 * Level 11.0 Spellcasting
 + Level 10.4 Conjurations
   Level 0.7 Summonings
 - Level 0.7 Translocations


You had 21 spell levels left.
You knew the following spells:

 Your Spells              Type           Power        Failure   Level  Hunger
a - Magic Dart            Conj           ####         1%          1    N/A
b - Blink                 Tloc           N/A          4%          2    N/A
c - Repel Missiles        Chrm/Air       ##....       4%          2    N/A
d - Conjure Flame         Conj/Fire      ####....     1%          3    N/A
e - Mephitic Cloud        Conj/Pois/Air  #####...     2%          3    N/A

Dungeon Overview and Level Annotations

Branches:
Dungeon (9/15)             Temple (1/1) D:6            Lair (2/6) D:9
    Orc (0/2) D:9
  Swamp: Lair:2-4    Shoals: Lair:2-4     Snake: Lair:2-4    Spider: Lair:2-4

Altars:
Ashenzari
Cheibriados
Dithmenos
Elyvilon
Fedhas
Gozag
Hepliaklqana
Kikubaaqudgha
Makhleb
Nemelex Xobeh
Okawaru
Qazlal
Ru
Sif Muna
Trog
Uskayaw
Vehumet
Xom
Yredelemnul
Zin
The Shining One

Shops:
D:7 }

Annotations:
D:6 Amon001's ghost, amateur GrFi
D:9 exclusion: oklob plant


Innate Abilities, Weirdness & Mutations

You do not eat or drink.
Your flesh is vulnerable to fire.
You are immune to poison.
Your flesh is cold resistant. (rC+)
You are immune to negative energy. (rN+++)
You are immune to unholy pain and torment.
You can survive without breathing.


Message History

Confirm with . or Enter, or press ? or * to list all spells.
You feel protected from missiles.
The centaur warrior shoots an arrow.
The arrow is repelled.
The centaur warrior shoots an arrow.
The arrow hits you!
* * * LOW HITPOINT WARNING * * *
The arrow burns you!
* * * LOW HITPOINT WARNING * * *
Press: ? - help, v - describe, . - travel, g - get item
Here: a centaur warrior, wielding a shortbow of flaming (almost dead) 2 arrows.
The floor, spattered with blood.
Casting: Repel Missiles
Confirm with . or Enter, or press ? or * to list all spells.
Aiming: Magic Dart
Press: ? - help, Shift-Dir - straight line, f - centaur warrior
Aim: a centaur warrior, wielding a shortbow of flaming (almost dead)
The magic dart hits the centaur warrior.
The centaur warrior is almost dead.
The centaur warrior shoots an arrow.
The arrow hits you!
You die...
Your body crumbles into a pile of gold. ####### +$!c[$+

#..≈..# #8≈≈≈8#
+..≈..+ +.....+
≈# #8...8# ≈
§§§###(....###≈§
#§≈≈≈≈.@...§§≈≈≈
##≈§§§8...8§§≈≈§
###§§.....≈≈≈§≈
#§≈.....≈§≈#
##≈8...8§≈≈#
##.....####
#.....# #8...8#
#.....#


You could see a centaur warrior.

Vanquished Creatures
  Pikel (D:3)
  5 spiny frogs
  A hippogriff (D:9)
  The ghost of Kronon the Skirmisher, an amateur HOFi of Beogh (D:5)
  4 hogs (D:7)
  6 yaks (D:9)
  A basilisk (Lair:1)
  A human (D:7)
  3 water moccasins
  An orc warrior (D:9)
  3 porcupines
  A slave (D:3)
  2 ice beasts
  3 sky beasts
  A phantom (D:4)
  2 necrophages
  2 ogres
  4 centaurs
  2 crocodiles
  A big kobold (D:9)
  Blork the orc (D:4)
  11 bullfrogs
  A scorpion (D:5)
  4 killer bees (D:9)
  A wyvern skeleton (D:7)
  3 howler monkeys (D:9)
  3 crimson imps (D:8)
  5 orc priests
  2 hounds
  A jelly (D:8)
  A gnoll shaman (D:7)
  8 orc wizards
  3 bullfrog skeletons
  4 iguanas
  7 worker ants
  Terence (D:2)
  A hound zombie (D:7)
  A howler monkey zombie (D:5)
  8 gnolls
  9 adders
  2 shadow imps (D:5)
  An adder zombie (D:6)
  An adder skeleton (D:9)
  3 worms
  3 dart slugs
  5 leopard geckos
  28 orcs
  5 giant cockroaches
  8 goblins
  5 hobgoblins
  7 jackals
  13 kobolds
  6 quokkas
  A ball python (D:3)
  10 bats
  4 frilled lizards (D:2)
  14 rats
236 creatures vanquished.

Vanquished Creatures (others)
  A worker ant (D:4)
  2 jackals (D:4)
  5 fungi
  3 plants (D:9)
11 creatures vanquished.

Grand Total: 247 creatures vanquished

Notes
Turn   | Place    | Note
-------+----------+-------------------------------------------
     0 | D:1      | strmesko the Mummy Wizard began the quest for the Orb.
     0 | D:1      | Reached XP level 1. HP: 13/13 MP: 4/4
     4 | D:1      | Reached skill level 1 in Conjurations
   328 | D:1      | Reached XP level 2. HP: 19/19 MP: 1/6
   752 | D:1      | Learned a level 2 spell: Blink
   755 | D:1      | Learned a level 2 spell: Repel Missiles
   828 | D:2      | Found a sparkling altar of Nemelex Xobeh.
   887 | D:2      | Reached XP level 3. HP: 24/24 MP: 0/7
   960 | D:2      | Learned a level 3 spell: Conjure Flame
  1119 | D:2      | Found a shadowy altar of Dithmenos.
  1253 | D:2      | Found a basalt altar of Yredelemnul.
  1874 | D:2      | Noticed Terence
  1895 | D:2      | Killed Terence
  1895 | D:2      | Reached XP level 4. HP: 30/30 MP: 9/9
  2029 | D:2      | Reached skill level 4 in Spellcasting
  2112 | D:2      | Learned a level 3 spell: Mephitic Cloud
  2765 | D:3      | Reached XP level 5. HP: 35/35 MP: 9/11
  2838 | D:3      | Noticed a sky beast
  3047 | D:3      | Found a stormy altar of Qazlal.
  3152 | D:3      | Found a sacrificial altar of Ru.
  3463 | D:3      | Killed a sky beast
  3886 | D:4      | Found an opulent altar of Gozag.
  3893 | D:4      | Became a worshipper of Gozag Ym Sagoz the Greedy
  3953 | D:4      | Noticed Blork the orc
  3962 | D:4      | Killed Blork the orc
  3962 | D:4      | Reached XP level 6. HP: 41/41 MP: 8/12
  4070 | D:4      | Reached skill level 5 in Conjurations
  4325 | D:4      | Reached XP level 7. HP: 46/46 MP: 3/13
  4462 | D:4      | Noticed Pikel
  4587 | D:3      | Killed Pikel
  4932 | D:4      | Reached XP level 8. HP: 52/52 MP: 10/14
  4970 | D:4      | Found a white marble altar of Elyvilon.
  5057 | D:5      | Entered Level 5 of the Dungeon
  5057 | D:5      | Noticed Kronon's ghost (amateur HOFi)
  6121 | D:5      | Killed Kronon's ghost
  6382 | D:6      | Found a staircase to the Ecumenical Temple.
  6391 | Temple   | Entered the Ecumenical Temple
  7245 | D:6      | Noticed Amon001's ghost (amateur GrFi)
  7518 | D:7      | Reached skill level 5 in Spellcasting
  8023 | D:7      | Reached XP level 9. HP: 57/57 MP: 11/17
  8042 | D:7      | Reached skill level 6 in Spellcasting
  8266 | D:7      | Found a deep blue altar of Sif Muna.
  8307 | D:7      | Found Mismumoc's Gadget Shop.
  8318 | D:7      | Bought a crystal ball of energy for 260 gold pieces
  8318 | D:7      | Bought a wand of disintegration (18/24) for 286 gold pieces
  8505 | D:7      | Reached skill level 7 in Spellcasting
  9403 | D:8      | Reached skill level 8 in Spellcasting
  9989 | D:8      | Found an iron altar of Okawaru.
 10382 | D:9      | Reached XP level 10. HP: 63/63 MP: 10/22
 10461 | D:9      | Found a sparkling altar of Nemelex Xobeh.
 10462 | D:9      | Noticed an oklob plant
 10590 | D:9      | Found a staircase to the Lair.
 10609 | D:9      | Reached skill level 9 in Spellcasting
 10847 | D:9      | Reached skill level 10 in Conjurations
 11018 | D:9      | Found a snail-covered altar of Cheibriados.
 11224 | D:9      | Reached skill level 1 in Fighting
 11478 | D:9      | Found a staircase to the Orcish Mines.
 11550 | Lair:1   | Entered Level 1 of the Lair of Beasts
 11670 | Lair:1   | Noticed a spiny frog
 11690 | Lair:1   | HP: 1/65 [spiny frog (12)]
 11691 | Lair:1   | Killed a spiny frog
 11691 | Lair:1   | Reached skill level 10 in Spellcasting
 12274 | Lair:1   | Noticed a spiny frog
 12286 | Lair:1   | Killed a spiny frog
 12538 | Lair:1   | Noticed a spiny frog
 12549 | Lair:1   | Killed a spiny frog
 12792 | Lair:1   | Noticed a spiny frog
 12800 | Lair:1   | Killed a spiny frog
 13235 | Lair:2   | Noticed a spiny frog
 13247 | Lair:2   | Killed a spiny frog
 13247 | Lair:2   | Reached XP level 11. HP: 72/72 MP: 11/25
 13265 | Lair:2   | Reached skill level 11 in Spellcasting
 13581 | Lair:2   | Found a dark tunnel.
 13604 | Volcano  | Entered a volcano
 13620 | Volcano  | Noticed a centaur warrior
 13624 | Volcano  | Shot with an arrow by a centaur warrior

Skill      XL: |  1  2  3  4  5  6  7  8  9 10 11 |
---------------+----------------------------------+-----
Conjurations   | 1 2 3 4 5 7 8 9 10 | 10.4
Spellcasting   | 4 5 8 10 11 | 11.0
Fighting       | 2 |  2.4
Dodging        | |  1.5
Stealth        | |  1.5
Summonings     | |  0.7
Translocations | |  0.7

Action                   |  1- 3 |  4- 6 |  7- 9 | 10-12 || total
-------------------------+-------+-------+-------+-------++-------
Melee: Dagger            |    46 |    69 |   265 |   108 ||   488
       Staff             |       |       |       |    13 ||    13
       Trident           |       |       |       |     4 ||     4
 Cast: Magic Dart        |    77 |    97 |   135 |   125 ||   434
       Mephitic Cloud    |       |    13 |    57 |    19 ||    89
       Blink             |       |     1 |     3 |     3 ||     7
       Conjure Flame     |       |     2 |    18 |    12 ||    32
       Repel Missiles    |       |       |       |     1 ||     1
  Use: Scroll            |       |       |     4 |       ||     4
 Stab: Sleeping          |     1 |       |     3 |       ||     4
       Confused          |       |     3 |    30 |     5 ||    38
       Distracted        |       |       |       |     1 ||     1
Armor: Robe              |     7 |    11 |    36 |    20 ||    74
Dodge: Dodged            |    42 |    36 |    87 |    59 ||   224
       Deflected         |       |       |       |     1 ||     1
Block: Other             |       |    25 |    41 |    26 ||    92
       Reflection        |       |     5 |       |     2 ||     7
